 Dungeon Sprint DCSS version 0.19.0-22-gd96e5fe (webtiles) character file.

1244 dobroeutro the Brawler (level 8, -21/111 HPs)
             Began as a Troll Berserker on Nov 19, 2016.
             Was an Elder of Trog.
             Shot with an arrow by a centaur warrior (32 damage)
             ... in the Dungeon (Sprint I: "Red Sonja").
             The game lasted 00:01:40 (428 turns).

dobroeutro the Brawler (Troll Berserker)             Turns: 428, Time: 00:01:41

Health: -21/111    AC:  7    Str: 32    XL:     8   Next: 25%
Magic:  7/7        EV: 10    Int:  3    God:    Trog [****..]
Gold:   193        SH:  0    Dex: 10    Spells: 0 memorised, 7 levels left

rFire  . . .     SeeInvis .       - Unarmed
rCold  . . .     Gourm    +     a - +0 animal skin
rNeg   . . .     Faith    .     (no shield)
rPois  +         Spirit   .     (helmet restricted)
rElec  .         Reflect  .     i - +1 cloak {rPois}
rCorr  .         Harm     .     (gloves unavailable)
MR     .....     NoTele   +     (boots unavailable)
Stlth  ..........               (no amulet)
                                (no ring)
                                (no ring)

@: berserking, very quick
A: unfitting armour, claws 3, fast metabolism 3, gourmand, regeneration 1,
shaggy fur 1, tough skin 2
a: Berserk, Trog's Hand, Brothers in Arms, Burn Spellbooks, Renounce Religion


You were in the Dungeon.
You worshipped Trog.
Trog was greatly pleased with you.
You were not hungry.

You visited 1 branch You collected 434 gold pieces.
You spent 241 gold pieces at shops.

Inventory:

Armour
 a - a +0 animal skin (worn)
 i - a +1 cloak of poison resistance (worn)
Scrolls
 h - a scroll of blinking
Potions
 c - a potion of curing
 e - a potion of haste
 f - 2 potions of magic
 g - a potion of berserk rage
Comestibles
 b - a bread ration


   Skills:
 - Level 2.4 Fighting
 - Level 2.4 Dodging
 + Level 17.2 Unarmed Combat


You had 7 spell levels left.
You didn't know any spells.

Dungeon Overview and Level Annotations

Branches:
Dungeon (1/1)

Altars:
Cheibriados
Dithmenos
Elyvilon
Fedhas
Gozag
Hepliaklqana
Kikubaaqudgha
Makhleb
Nemelex Xobeh
Okawaru
Qazlal
Ru
Sif Muna
Trog
Uskayaw
Vehumet
Xom
Yredelemnul
Zin
The Shining One
Jiyva
Lugonu

Shops:
D [


Innate Abilities, Weirdness & Mutations

You are too large for most types of armour.
You have claws for hands.
Your metabolism is lightning-fast.
You like to eat raw meat.
Your natural rate of healing is unusually fast.
You are covered in fur. (AC +1)
You have very tough skin. (AC +2)


Message History

You hear a splash.
The centaur warrior wields a shortbow.
The centaur warrior shoots an arrow.
The arrow hits you!!
The centaur warrior shoots an arrow.
The arrow hits you!
* * * LOW HITPOINT WARNING * * *
You hear a splash.
The centaur warrior unwields an uncursed shortbow.
The centaur warrior hits you.
* * * LOW HITPOINT WARNING * * *
You see here 2 arrows.
You feel much better.
The centaur warrior shoots an arrow.
The arrow hits you!
* * * LOW HITPOINT WARNING * * *
You hear a splash.
The centaur warrior hits you!
* * * LOW HITPOINT WARNING * * *
Okay, then.
A red film seems to cover your vision as you go berserk!
You feel yourself moving faster!
You feel mighty!
You feel quite a bit more hungry.
The centaur warrior shoots an arrow.
The arrow hits you!!
You die...

########################
.#..)..#..'..#__#..')).#
.'[.#..').#..'..'..#...#
.#####'#####'#__####...+
.####..#...#(####§[#####
.#__####..##.#≈§≈§§#
.#_____##'#..'§§§c§+
⌠#_.∩...'..._#§§@.c#
##_..__##_.#'##+####
#_____###+#.# #######
###


You could see 2 centaur warriors.

Vanquished Creatures
  2 kobold demonologists (D)
  A slime creature (D)
  Sigmund (D)
  A yak (D)
  A floating eye (D)
  An ogre (D)
  A jelly (D)
  Ijyb (D)
9 creatures vanquished.

Notes
Turn   | Place    | Note
-------+----------+-------------------------------------------
     0 | D        | dobroeutro the Troll Berserker began the quest for the Orb.
     0 | D        | Reached XP level 1. HP: 22/22 MP: 0/0
     1 | D        | Noticed Ijyb
     5 | D        | Killed Ijyb
     5 | D        | Reached skill level 6 in Unarmed Combat
     5 | D        | Reached XP level 2. HP: 29/29 MP: 1/1
   113 | D        | Noticed an ogre
   115 | D        | Killed an ogre
   115 | D        | Reached skill level 9 in Unarmed Combat
   115 | D        | Reached XP level 3. HP: 36/36 MP: 2/2
   115 | D        | Reached XP level 4. HP: 44/44 MP: 3/3
   167 | D        | Noticed Sigmund
   175 | D        | Killed Sigmund
   175 | D        | Reached ** piety under Trog
   175 | D        | Reached skill level 12 in Unarmed Combat
   175 | D        | Reached XP level 5. HP: 50/50 MP: 4/4
   220 | D        | Found a deep blue altar of Sif Muna.
   222 | D        | Found a radiant altar of Vehumet.
   226 | D        | Reached XP level 6. HP: 34/59 MP: 5/5
   287 | D        | Found Jyasiuj's Antique Armour Emporium.
   287 | D        | Found an ancient bone altar of Kikubaaqudgha.
   287 | D        | Found a hazy altar of Hepliaklqana.
   287 | D        | Found a stormy altar of Qazlal.
   287 | D        | Found a hide-covered altar of Uskayaw.
   287 | D        | Found a blossoming altar of Fedhas.
   287 | D        | Found a bloodstained altar of Trog.
   287 | D        | Found an iron altar of Okawaru.
   287 | D        | Found a basalt altar of Yredelemnul.
   287 | D        | Found a glowing golden altar of the Shining One.
   287 | D        | Found a snail-covered altar of Cheibriados.
   287 | D        | Found a sacrificial altar of Ru.
   287 | D        | Found a glowing silver altar of Zin.
   287 | D        | Found a shadowy altar of Dithmenos.
   287 | D        | Found a white marble altar of Elyvilon.
   287 | D        | Noticed a yak
   290 | D        | Killed a yak
   290 | D        | Reached skill level 14 in Unarmed Combat
   291 | D        | Found an opulent altar of Gozag.
   292 | D        | Found a sparkling altar of Nemelex Xobeh.
   300 | D        | Bought an embroidered cloak for 241 gold pieces
   327 | D        | Found a viscous altar of Jiyva.
   327 | D        | Found a corrupted altar of Lugonu.
   327 | D        | Noticed a slime creature
   332 | D        | Killed a slime creature
   332 | D        | Reached *** piety under Trog
   332 | D        | Reached skill level 15 in Unarmed Combat
   332 | D        | Reached XP level 7. HP: 51/66 MP: 6/6
   356 | D        | Found a burning altar of Makhleb.
   356 | D        | Found a shimmering altar of Xom.
   369 | D        | Noticed a kobold demonologist
   370 | D        | Noticed a kobold demonologist
   378 | D        | Noticed a sixfirhy
   381 | D        | Killed a kobold demonologist
   381 | D        | Reached skill level 16 in Unarmed Combat
   386 | D        | Killed a kobold demonologist
   386 | D        | Reached **** piety under Trog
   386 | D        | Reached skill level 17 in Unarmed Combat
   386 | D        | Reached XP level 8. HP: 74/74 MP: 7/7
   410 | D        | Noticed a centaur warrior
   410 | D        | Noticed a centaur warrior
   428 | D        | Shot with an arrow by a centaur warrior

Skill      XL: |  1  2  3  4  5  6  7 |
---------------+----------------------+-----
Unarmed Combat | 6 9 12 15 17 | 17.2
Fighting       | |  2.4
Dodging        | |  2.4

Action                   |  1- 3 |  4- 6 |  7- 9 || total
-------------------------+-------+-------+-------++-------
Melee: Unarmed           |     4 |    14 |    14 ||    32
       Punch             |       |     3 |     1 ||     4
Invok: Berserk           |     1 |     2 |     2 ||     5
  Use: Potion            |       |       |     1 ||     1
  Eat: Chunk             |     3 |       |       ||     3
       Bread ration      |       |       |     1 ||     1
Armor: Animal skin       |     1 |     1 |     8 ||    10
Dodge: Dodged            |       |     1 |     6 ||     7
